 Dungeon Crawl Stone Soup version 0.19-a0-1225-gf887c1c (webtiles) character file.

2551 LORDOFBUTT the Skirmisher (level 9, -1/111 HPs)
             Began as a Demonspawn Berserker on Aug 26, 2016.
             Was a High Priest of Trog.
             Incinerated by Zippy2's ghost (4 damage)
             ... with a sticky flame
             ... on level 8 of the Dungeon.
             The game lasted 00:09:45 (6212 turns).

LORDOFBUTT the Skirmisher (Demonspawn Berserker)    Turns: 6212, Time: 00:09:46

Health: -1/111     AC:  5    Str: 24    XL:     9   Next: 31%
Magic:  9/9        EV: 17    Int:  8    God:    Trog [*****.]
Gold:   469        SH:  0    Dex: 18    Spells: 0 memorised, 8 levels left

rFire  . . .     SeeInvis .       - Unarmed
rCold  . . .     Gourm    .     a - +0 animal skin
rNeg   . . .     Faith    .     (no shield)
rPois  .         Spirit   .     (helmet restricted)
rElec  .         Dismiss  +     (no cloak)
rCorr  .         Reflect  .     (no gloves)
MR     .....     Harm     .     x - +0 pair of boots
Stlth  ..........               m - amulet of dismissal
                                s - ring of flight
                                y - +4 ring of dexterity

@: berserking, liquid flames, glowing, very quick
A: horns 1, rough black scales 1, demonic guardian 1
a: Berserk, Trog's Hand, Brothers in Arms, Burn Spellbooks, Renounce Religion,
Evoke Flight


You were on level 8 of the Dungeon.
You worshipped Trog.
Trog was extremely pleased with you.
You were not hungry.

You visited 1 branch of the dungeon, and saw 8 of its levels.

You collected 469 gold pieces.

Inventory:

Hand Weapons
 u - a +1 hand crossbow of velocity
Armour
 a - a +0 animal skin (worn)
 x - a +0 pair of boots (worn)
Jewellery
 c - a +3 ring of intelligence
 m - an amulet of dismissal (around neck)
 s - a ring of flight (right hand)
 w - an uncursed amulet of regeneration {unknown}
 y - a +4 ring of dexterity (left hand)
 C - an uncursed amulet of faith {unknown}
Scrolls
 e - 4 scrolls of blinking
 f - 3 scrolls of magic mapping
 g - a scroll of amnesia {unknown}
 i - a scroll of random uselessness
 j - 3 scrolls of identify
 n - 3 scrolls of immolation
 o - a scroll of fog {unknown}
 q - 7 scrolls of remove curse
 r - a scroll of recharging {unknown}
 z - a scroll of enchant weapon {unknown}
 G - a scroll of acquirement {unknown}
 H - a scroll of noise {unknown}
Potions
 d - a potion of brilliance
 h - a potion of haste
 p - 4 potions of cancellation
 t - a potion of mutation {unknown}
 v - 2 potions of curing {unknown}
 A - a potion of ambrosia {unknown}
 B - a potion of flight {unknown}
 F - a potion of might
 I - 2 potions of resistance {unknown}
Comestibles
 b - 6 bread rations
 k - 2 meat rations
 l - 2 royal jellies
 D - 2 beef jerkies
 E - 7 slices of pizza


   Skills:
 + Level 7.9 Fighting
 - Level 1.7 Armour
 + Level 6.8 Dodging
 + Level 7.3 Unarmed Combat


You had 8 spell levels left.
You didn't know any spells.

Dungeon Overview and Level Annotations

Branches:
Dungeon (8/15)             Temple (0/1) D:6
   Lair: D:8-11

Altars:
Dithmenos
Kikubaaqudgha
Okawaru

Shops:
D:6 }   D:7 [

Annotations:
D:8 Zippy2's ghost, novice DEFE


Innate Abilities, Weirdness & Mutations

You have a pair of small horns on your head.
You are partially covered in rough black scales. (AC +2, Dex -1)
A weak demonic guardian rushes to your aid.


Message History

You punch Zippy2's ghost! You headbutt Zippy2's ghost!
Your punch misses Zippy2's ghost.
Zippy2's ghost is almost destroyed.
You are covered in liquid flames!
* * * LOW HITPOINT WARNING * * *
You barely miss Zippy2's ghost.
Zippy2's ghost is almost destroyed.
You are covered in liquid flames!
* * * LOW HITPOINT WARNING * * *
Zippy2's ghost points at you and mumbles some strange words.
The flame tongue hits you!
* * * LOW HITPOINT WARNING * * *
You barely miss Zippy2's ghost.
Zippy2's ghost is almost destroyed.
You are covered in liquid flames!
* * * LOW HITPOINT WARNING * * *
You miss Zippy2's ghost. Your headbutt misses Zippy2's ghost.
Zippy2's ghost is almost destroyed.
You are covered in liquid flames!
You die...

#.#.##.####.#.# #.#
#.#.##......#.# #.#
#.#.#########.# #.# #.#.# #.# #.#
#.#.# #.# #.# #.#.#
#.###########.# #.#.#
#.............#
#######.#.#######################
........#.......@W5.....
########################


You could see Zippy2's ghost and a friendly shadow imp.

Vanquished Creatures
  The ghost of tigertrap the Ogre Mage, a novice OgFE of Vehumet (D:4)
  A human (D:7)
  2 ice beasts
  4 ogres
  2 centaurs
  A big kobold (D:8)
  4 giant frogs
  A howler monkey (D:5)
  3 crimson imps
  The ghost of Elysium the Charlatan, a weakling SpAr (D:3)
  2 giant frog zombies
  A centaur skeleton (D:6)
  A gnoll shaman (D:6)
  3 orc wizards
  A giant frog skeleton (D:7)
  8 worker ants
  4 sheep (D:7)
  A hound skeleton (D:8)
  2 worker ant zombies (D:6)
  5 gnolls
  A howler monkey skeleton (D:6)
  8 adders
  A shadow imp (D:7)
  3 oozes
  An adder skeleton (D:6)
  3 adder zombies
  A worm (D:2)
  3 dart slugs
  7 giant geckos
  23 orcs
  A ball python (D:4)
  9 giant cockroaches
  9 goblins
  10 hobgoblins
  5 jackals
  11 kobolds
  3 quokkas
  9 bats
  A giant gecko skeleton (D:4)
  3 giant newts
  A jackal skeleton (D:5)
  7 rats
168 creatures vanquished.

Vanquished Creatures (collateral kills)
  An orc warrior (D:7)
  A scorpion (D:4)
  A howler monkey (D:4)
  A hound (D:4)
  Jessica (D:2)
  A worker ant (D:4)
  A gnoll (D:6)
  An orc (D:4)
  A goblin (D:3)
  A jackal skeleton (D:4)
10 creatures vanquished.

Grand Total: 178 creatures vanquished

Notes
Turn   | Place    | Note
-------+----------+-------------------------------------------
     0 | D:1      | LORDOFBUTT the Demonspawn Berserker began the quest for the Orb.
     0 | D:1      | Reached XP level 1. HP: 18/18 MP: 1/1
   115 | D:1      | Gained mutation: A weak demonic guardian rushes to your aid. [demonic ancestry]
   115 | D:1      | Reached XP level 2. HP: 24/24 MP: 2/2
   548 | D:1      | Reached XP level 3. HP: 26/29 MP: 3/3
   663 | D:1      | Reached ** piety under Trog
   841 | D:2      | Noticed Jessica
   846 | D:2      | Killed Jessica
  1052 | D:2      | Reached XP level 4. HP: 32/37 MP: 4/4
  2208 | D:3      | Noticed Elysium's ghost (weakling SpAr)
  2230 | D:3      | Killed Elysium's ghost
  2230 | D:3      | Reached XP level 5. HP: 37/42 MP: 5/5
  2280 | D:3      | Found an iron altar of Okawaru.
  2579 | D:3      | Found an ancient bone altar of Kikubaaqudgha.
  2585 | D:3      | Found a shadowy altar of Dithmenos.
  2612 | D:3      | Reached *** piety under Trog
  2797 | D:4      | Gained mutation: You have a pair of small horns on your head. [demonic ancestry]
  2797 | D:4      | Reached XP level 6. HP: 12/49 MP: 6/6
  2902 | D:4      | Noticed tigertrap's ghost (novice OgFE)
  2932 | D:4      | Killed tigertrap's ghost
  2932 | D:4      | Reached skill level 5 in Fighting
  2932 | D:4      | Gained mutation: You are partially covered in rough black scales. (AC +2, Dex -1) [demonic ancestry]
  2932 | D:4      | Reached XP level 7. HP: 37/56 MP: 7/7
  3244 | D:4      | Reached skill level 5 in Unarmed Combat
  3761 | D:5      | Entered Level 5 of the Dungeon
  3780 | D:5      | Reached **** piety under Trog
  4019 | D:5      | Reached skill level 5 in Dodging
  4324 | D:5      | Reached XP level 8. HP: 36/64 MP: 8/8
  4516 | D:6      | Found a staircase to the Ecumenical Temple.
  4528 | D:6      | Found Toamixt's Gadget Emporium.
  5429 | D:7      | Reached XP level 9. HP: 72/72 MP: 9/9
  5645 | D:7      | Found Iskywasu's Armour Shop.
  5651 | D:7      | Reached ***** piety under Trog
  6196 | D:8      | Noticed Zippy2's ghost (novice DEFE)
  6211 | D:8      | HP: 3/111 [burnt (4)]
  6212 | D:8      | Incinerated by Zippy2's ghost

Vault maps used:
D:1:      lemuel_arrival_room
D:2:      minmay_door_path, uniq_jessica
D:3:      okawaru_altar_gauntlet_db, amethyst_overflow_temple_binary
D:4:      first_bread, minmay_bent
D:6:      minmay_opposing_rooms, serial_shops, nicolae_shop_crystal
D:7:      serial_shops, nicolae_shop_trees, grunt_livestock
D:8:      kennysheep_mini, uniq_erica

Skill      XL: |  1  2  3  4  5  6  7  8  9 |
---------------+----------------------------+-----
Unarmed Combat | 3 4 5 6 7 |  7.3
Dodging        | 2 3 4 5 6 |  6.8
Fighting       | 4 5 6 7 |  7.9
Armour         | |  1.7

Action                   |  1- 3 |  4- 6 |  7- 9 || total
-------------------------+-------+-------+-------++-------
Melee: Unarmed           |   118 |   178 |   365 ||   661
       Punch             |       |     5 |    14 ||    19
       Headbutt          |       |     2 |    89 ||    91
Invok: Berserk           |       |     5 |     4 ||     9
       Trog's Hand       |       |     1 |       ||     1
  Use: Potion            |       |     4 |       ||     4
       Scroll            |       |       |     6 ||     6
 Stab: Sleeping          |     1 |     1 |     1 ||     3
       Distracted        |       |     1 |     4 ||     5
  Eat: Fruit             |       |     3 |     2 ||     5
       Meat ration       |       |     1 |     1 ||     2
       Chunk             |       |     2 |     1 ||     3
       Beef jerky        |       |     1 |     1 ||     2
       Bread ration      |       |       |     1 ||     1
       Pizza             |       |       |     1 ||     1
Armor: Animal skin       |    20 |    25 |    59 ||   104
       Skin              |       |     1 |       ||     1
Dodge: Dodged            |    74 |   146 |   212 ||   432
